 Dungeon Crawl Stone Soup version 0.15.2 (webtiles) character file.

78022 MordorOrchid the Unseen (level 15, -6/79 HPs)
             Began as a Spriggan Berserker on May 2, 2022.
             Was the Champion of Trog.
             Killed from afar by a guardian serpent (23 damage)
             ... with a bolt of poison
             ... on Level 8 of the Lair of Beasts on May 4, 2022.
             The game lasted 03:11:39 (22017 turns).

MordorOrchid the Unseen (Spriggan Berserker)       Turns: 22017, Time: 03:11:40

HP  -6/79        AC 12     Str 22      XL: 15   Next: 17%
MP  26/32        EV 29     Int 12      God: Trog [******]
Gold 1553        SH  7     Dex 18      Spells:  0 memorised, 14 levels left

rFire  + . .     SeeInvis +     y - +7 cutlass (venom)
rCold  . . .     Clarity  +     j - +0 swamp dragon armour
rNeg   . . .     rCorr    .     X - +0 buckler {AC+3}
rPois  +         rRot     .     l - +0 hat {Int+3}
rElec  .         Spirit   .     K - +0 cloak {+Inv}
SustAb .         Warding  .     (gloves unavailable)
rMut   .         Stasis   .     (boots unavailable)
Gourm  .                        c - amulet of clarity
MR     ++++.                    F - ring of protection from fire
                                Y - +5 ring of strength

@: lethally poisoned, very slightly contaminated, regenerating, very quick,
incredibly resistant to hostile enchantments, extraordinarily stealthy
A: unfitting armour, see invisible, herbivore 3, speed 3, slow metabolism 2
a: Burn Spellbooks, Berserk, Trog's Hand, Brothers in Arms, Renounce Religion,
Evoke Invisibility


You were on level 8 of the Lair of Beasts.
You worshipped Trog.
Trog was exalted by your worship.
You were hungry.

You visited 3 branches of the dungeon, and saw 27 of its levels.
You also visited: Labyrinth.

You collected 2735 gold pieces.
You spent 1182 gold pieces at shops.

Inventory:

Hand weapons
 b - a +2 blowgun
 t - a +2 short sword of flaming
 y - a +7 cutlass of venom (weapon)
 A - a +6 antimagic quick blade
Missiles
 o - 44 tomahawks (quivered)
 q - 2 throwing nets
 u - 4 needles of frenzy
 B - 16 tomahawks of returning
 G - 10 needles of confusion
 L - 5 poisoned tomahawks
 P - 6 curare-tipped needles
 V - 7 needles of paralysis
Armour
 j - a +0 swamp dragon armour (worn)
 l - a +0 hat of intelligence (worn)
 p - the +1 cloak of the Blessed Realm {Slay+3}
   (You bought it in a shop on level 4 of the Orcish Mines)

   It affects your accuracy and damage with ranged weapons and melee attacks
   (+3).
 K - a +0 cloak of darkness (worn)
 X - a +0 buckler of protection (worn)
Magical devices
 e - a wand of paralysis (15)
 f - a wand of enslavement (14)
 h - a wand of polymorph (14)
 i - a wand of fire (5) {unknown}
 w - a wand of disintegration (17)
 C - a wand of cold (7)
 E - a wand of disintegration (22)
 M - a wand of digging (12)
 O - a wand of draining (8)
 Q - a wand of digging (9)
 R - a wand of enslavement (14)
 U - a wand of frost (7)
Comestibles
 D - 6 bread rations
Scrolls
 k - 4 scrolls of teleportation
 r - 6 scrolls of blinking
 s - a scroll of magic mapping
 v - 11 scrolls of remove curse
 N - 2 scrolls of fog
 W - 4 scrolls of recharging
Jewellery
 a - the amulet "Jiweum" {Stasis rC++}
   (You found it on level 10 of the Dungeon)

   [amulet of stasis]

   It prevents you from being teleported, slowed, hasted or paralysed.
   It greatly protects you from cold.
 c - an amulet of clarity (around neck)
 F - a ring of protection from fire (right hand)
 Y - a +5 ring of strength (left hand)
 Z - an uncursed ring of ice
Potions
 g - a potion of agility
 m - a potion of magic {unknown}
 x - 6 potions of curing
 z - a potion of flight {unknown}
 H - a potion of restore abilities {unknown}
 I - a potion of heal wounds
 J - 2 potions of haste
 T - 2 potions of might
Books
 n - a Young Poisoner's Handbook

   Spells                             Type                      Level
   Sting                              Conjuration/Poison           1
   Cure Poison                        Poison                       2
   Mephitic Cloud                     Conjuration/Poison/Air       3
   Olgreb's Toxic Radiance            Poison                       4
   Venom Bolt                         Conjuration/Poison           5
   Trog disapproves of the use of such an item.
Miscellaneous
 S - a fan of gales
Rods
 d - a +2 rod of the swarm (13/13)
   (You took it off a minotaur in a labyrinth)


   Skills:
 * Level 9.4 Fighting
 * Level 12.1 Short Blades
 * Level 10.8 Throwing
 * Level 4.5 Armour
 + Level 16.5 Dodging
 * Level 18.9 Stealth
 * Level 3.9 Shields
 - Level 10.2 Evocations


You had 14 spell levels left.
You didn't know any spells.

Dungeon Overview and Level Annotations

Branches:
Dungeon (15/15)            Temple (0/1) D:6             Orc (4/4) D:12
    Elf (0/3) Orc:4          Lair (8/8) D:8           Swamp (0/5) Lair:4
 Spider (0/5) Lair:6        Slime (0/6) Lair:7       Vaults (0/5) D:14
 Depths: D:15

Altars:
Ashenzari
Cheibriados
Elyvilon
Fedhas
Makhleb
Nemelex Xobeh
Trog
Yredelemnul
Zin
The Shining One
Beogh
Jiyva

Shops:
D:2 *   Orc:1 :   Orc:2 }   Orc:3 (   Orc:4 [:!=

Annotations:
D:11 MordorOrchid's ghost, powerful OpWz


Innate Abilities, Weirdness & Mutations

You are tiny and cannot use many weapons and most armour.
You have supernaturally acute eyesight.
You are a herbivore.
You cover ground extremely quickly.
You need consume almost no food.


Message History

You feel sick. The guardian serpent barely misses you.
You hit the guardian serpent.
The guardian serpent is moderately wounded.
You feel sick.
The guardian serpent completely misses you.
You slash the guardian serpent!
The guardian serpent is heavily wounded.
You feel sick.
The guardian serpent closely misses you.
You hit the guardian serpent but do no damage.
The guardian serpent is heavily wounded.
You feel sick.
The guardian serpent completely misses you.
You slash the guardian serpent!
The guardian serpent is severely wounded.
You feel sick.
The guardian serpent coils itself and waves its upper body at you.
The bolt of poison hits you!
You are more poisoned.
You die...

.....P##....SP......#.....#
....
.......##....##....##.%..##
. ........##...
#....#....##. .
........S##. ##..##...##...
. .P..#....S##
#..#...##S... .##.###....#
####..##....# .#..P ##....
#%.##..S# ...... ##..
#####..%?# .....P
##.@%...### .......
#.SPP..## ... #..PP.%#
##...%## ##.P## ..P #..#
..P## # #..# ....#... #..#
... ......... .... P...


You could see a guardian serpent.

Vanquished Creatures
  An orc warlord (Orc:2)
  Gastronok (D:10)
  A vault guard (D:14)
  A minotaur (Lab)
  A fire dragon (Lair:8)
  Fannar (D:11)
  5 hydras
  Harold (D:10)
  4 centaur warriors
  The ghost of MordorOrchid the Covert, an experienced SpFE of Okawaru (D:10)
  4 orc high priests
  A catoblepas (Lair:8)
  Nergalle (D:11)
  A fire crab (Lair:6)
  3 unseen horrors
  4 hill giants
  6 orc knights
  2 wolf spiders (Lair:8)
  A wolf spider zombie (D:14)
  4 orc sorcerers
  2 cyclopes
  4 black mambas (Lair:8)
  22 elephants
  3 oklob plants
  Maurice (D:9)
  A mermaid (shapeshifter) (D:14)
  2 gargoyles
  10 spiny frogs
  A centaur skeleton (D:14)
  2 manticores
  Psyche (D:13)
  A kobold demonologist (D:12)
  A yaktaur (D:15)
  4 fire drakes
  7 komodo dragons
  A hydra zombie (D:11)
  A raven (D:13)
  5 trolls
  2 two-headed ogres
  8 blink frogs
  2 polar bears (D:10)
  7 slime creatures
  A boulder beetle (Lair:6)
  3 basilisks (Lair:8)
  2 shadows
  A deep elf mage (D:12)
  2 griffon skeletons (D:14)
  47 yaks
  15 hippogriffs
  Eustachio (D:9)
  3 wyverns
  A deep elf fighter (D:8)
  A hungry ghost (D:13)
  A vampire mosquito (Lab)
  11 wolves
  A tengu zombie (D:13)
  A wraith (D:11)
  A hill giant skeleton (D:8)
  A warg (Orc:3)
  3 steam dragons
  2 swamp drakes (Lair:8)
  3 mottled dragons
  15 water moccasins
  11 porcupines
  A spider (Lair:8)
  37 orc warriors
  A phantom (D:5)
  6 ice beasts
  5 yellow wasps
  2 centaurs
  4 sky beasts
  11 ogres
  12 crocodiles
  Sigmund (D:5)
  5 big kobolds
  11 giant frogs
  A gnoll sergeant (D:10)
  4 scorpions
  7 wights
  4 killer bees
  A quasit (D:11)
  4 electric eels
  4 goliath beetles
  5 jellies
  13 crimson imps
  31 orc priests
  15 iguanas
  12 hounds
  7 worker ants
  29 orc wizards
  A killer bee zombie (D:11)
  18 sheep
  A crocodile zombie (D:11)
  A mummy (D:11)
  10 gnolls
  A worker ant zombie (D:11)
  13 adders
  50 green rats
  2 shadow imps
  A giant mite (Lair:6)
  A hound simulacrum (D:10)
  An inept feature mimic (D:10)
  2 worms
  7 white imps
  An ufetubus (D:10)
  An orc simulacrum (D:10)
  2 adder skeletons (D:4)
  4 giant geckos
  4 oozes
  151 orcs
  3 ball pythons
  10 giant cockroaches
  20 goblins
  12 hobgoblins
  8 jackals
  11 quokkas
  22 bats
  5 giant newts
  2 giant spores
  A goblin skeleton (D:5)
  26 kobolds
  An orc zombie (D:6)
  26 rats
  A rat skeleton (D:4)
  A rat zombie (D:7)
  A ballistomycete (D:10)
  A bush (Lair:2)
  2 plants (Lair:8)
917 creatures vanquished.

Vanquished Creatures (collateral kills)
  A tengu warrior (D:13)
  A troll (D:13)
  A raven (D:13)
  A deep elf mage (D:8)
  A centaur (D:8)
  A jelly (D:8)
6 creatures vanquished.

Vanquished Creatures (others)
  An ogre (D:8)
  An orc priest (Orc:4)
  An orc wizard (D:11)
  A shadow imp (D:10)
  A white imp (D:10)
  An ufetubus (D:10)
  3 orcs
  3 fungi
12 creatures vanquished.

Grand Total: 935 creatures vanquished

Notes
Turn   | Place    | Note
--------------------------------------------------------------
     0 | D:1      | MordorOrchid, the Spriggan Berserker, began the quest for the Orb.
     0 | D:1      | Reached XP level 1. HP: 11/11 MP: 2/2
    81 | D:1      | Reached skill level 5 in Dodging
   128 | D:1      | Reached XP level 2. HP: 8/16 MP: 4/4
   360 | D:1      | Acquired Trog's second power
   601 | D:1      | Reached skill level 1 in Stealth
   744 | D:2      | Found a snail-covered altar of Cheibriados.
   874 | D:2      | Reached XP level 3. HP: 11/19 MP: 6/6
  1275 | D:2      | Reached skill level 6 in Dodging
  1275 | D:2      | Reached XP level 4. HP: 15/23 MP: 8/8
  1393 | D:3      | Reached skill level 1 in Armour
  1393 | D:3      | HP: 1/24 [orc/club (6)]
  1550 | D:2      | Found Zin's Purification Station.
  1553 | D:2      | Found a glowing silver altar of Zin.
  1635 | D:3      | Reached XP level 5. HP: 18/28 MP: 10/10
  1734 | D:3      | Found a blossoming altar of Fedhas.
  1937 | D:3      | Reached skill level 7 in Dodging
  2314 | D:4      | Noticed a water moccasin
  2322 | D:4      | Killed a water moccasin
  2322 | D:4      | Reached skill level 8 in Dodging
  2322 | D:4      | Reached XP level 6. HP: 19/32 MP: 12/12
  2361 | D:4      | Acquired Trog's third power
  2565 | D:4      | Found a glowing golden altar of the Shining One.
  2746 | D:5      | Entered Level 5 of the Dungeon
  2783 | D:5      | Noticed Sigmund
  2797 | D:5      | Found a shattered altar of Ashenzari.
  3018 | D:5      | Reached skill level 5 in Stealth
  3100 | D:5      | Reached XP level 7. HP: 20/37 MP: 14/14
  3168 | D:5      | Reached skill level 9 in Dodging
  3177 | D:5      | Killed Sigmund
  3666 | D:6      | Reached XP level 8. HP: 20/42 MP: 16/16
  3685 | D:6      | Reached skill level 10 in Dodging
  3846 | D:6      | Found a blossoming altar of Fedhas.
  3931 | D:6      | Found a staircase to the Ecumenical Temple.
  4157 | D:7      | Reached skill level 10 in Stealth
  4530 | D:7      | Reached skill level 11 in Stealth
  4530 | D:7      | Reached skill level 1 in Evocations
  4667 | D:8      | Noticed a two-headed ogre
  4698 | D:7      | Reached skill level 1 in Throwing
  4805 | D:8      | Reached XP level 9. HP: 17/46 MP: 20/20
  5193 | D:8      | Found a staircase to the Lair.
  5262 | D:8      | Reached skill level 12 in Dodging
  5338 | D:8      | Received a gift from Trog
  5484 | D:8      | Killed a two-headed ogre
  5484 | D:8      | Reached skill level 5 in Fighting
  5626 | D:8      | Reached skill level 13 in Dodging
  5651 | D:9      | Noticed Eustachio
  5654 | D:9      | Killed Eustachio
  5654 | D:9      | Reached XP level 10. HP: 31/51 MP: 23/23
  5884 | D:9      | Reached skill level 5 in Evocations
  5924 | D:9      | Noticed Maurice
  5927 | D:9      | Killed Maurice
  6000 | D:9      | Reached skill level 5 in Short Blades
  6040 | D:9      | Found a burning altar of Makhleb.
  6043 | D:9      | Found a sparkling altar of Nemelex Xobeh.
  6046 | D:9      | Found a basalt altar of Yredelemnul.
  6049 | D:9      | Found a white marble altar of Elyvilon.
  6310 | D:10     | Entered Level 10 of the Dungeon
  6330 | D:10     | Noticed MordorOrchid's ghost (experienced SpFE)
  6459 | D:10     | Killed MordorOrchid's ghost
  6500 | D:10     | Received a gift from Trog
  6555 | D:10     | Got a twitching silver amulet
  6835 | D:10     | Reached skill level 14 in Dodging
  6867 | D:10     | Noticed Harold
  6892 | D:10     | Killed Harold
  7136 | D:10     | Reached XP level 11. HP: 46/56 MP: 26/26
  7211 | D:10     | Reached skill level 5 in Throwing
  7406 | D:10     | Noticed a three-headed hydra
  7453 | D:10     | Killed a hydra
  7633 | D:10     | Noticed Gastronok
  7656 | D:10     | Killed Gastronok
  7802 | D:11     | Noticed MordorOrchid's ghost (powerful OpWz)
  7890 | D:11     | Noticed Nergalle
  7954 | D:11     | Noticed Fannar
  7993 | D:11     | Noticed an unseen horror
  8015 | D:11     | Killed an unseen horror
  8284 | D:11     | Killed Fannar
  8430 | D:11     | Noticed a hill giant
  8501 | D:11     | Killed a hill giant
  8578 | D:11     | Received a gift from Trog
  8594 | D:11     | Noticed a hill giant
  8638 | D:11     | Killed a hill giant
  8935 | D:11     | Killed Nergalle
  8935 | D:11     | Reached XP level 12. HP: 47/63 MP: 28/28
  8998 | D:12     | Noticed a centaur warrior
  9095 | D:12     | Found a staircase to the Orcish Mines.
  9136 | D:12     | Reached skill level 15 in Dodging
  9231 | D:12     | Identified the amulet "Jiweum" {Stasis rC++} (You found it on level 10 of the Dungeon)
  9607 | D:12     | Killed a centaur warrior
  9719 | D:13     | Noticed Psyche
  9878 | D:13     | Reached skill level 15 in Stealth
  9931 | D:13     | Reached skill level 10 in Evocations
  9965 | D:13     | Received a gift from Trog
  9992 | D:13     | Killed Psyche
 10727 | D:15     | Entered Level 15 of the Dungeon
 10844 | D:14     | Noticed a centaur warrior
 10875 | D:14     | Killed a centaur warrior
 10875 | D:14     | Reached skill level 10 in Short Blades
 10875 | D:14     | Reached XP level 13. HP: 54/68 MP: 30/30
 10889 | D:14     | Received a gift from Trog
 10891 | D:14     | Noticed a vault guard
 10894 | D:14     | Found a gate to the Vaults.
 10936 | D:14     | Killed a vault guard
 11089 | D:14     | Noticed a centaur warrior
 11104 | D:14     | Killed a centaur warrior
 11119 | D:14     | Noticed a centaur warrior
 11350 | D:14     | Found a burning altar of Makhleb.
 11489 | D:14     | Killed a centaur warrior
 11572 | Orc:1    | Entered Level 1 of the Orcish Mines
 11592 | Orc:1    | Found Yroem's Book Emporium.
 11722 | Orc:2    | Found Ycsiom's Gadget Shoppe.
 11732 | Orc:1    | Received a gift from Trog
 11779 | Orc:2    | Reached skill level 1 in Shields
 11822 | Orc:2    | Noticed an orc warlord
 11841 | Orc:2    | Killed an orc warlord
 11884 | Orc:2    | Reached skill level 16 in Stealth
 11963 | Orc:2    | HP: 2/68 [orc warrior/ tomahawk (19)]
 12280 | Orc:2    | Bought a wand of frost (9) for 93 gold pieces
 12433 | Orc:2    | Received a gift from Trog
 12691 | Orc:1    | Received a gift from Trog
 12928 | Orc:2    | Found a roughly hewn altar of Beogh.
 13139 | Orc:3    | Received a gift from Trog
 13186 | Orc:3    | Found a bloodstained altar of Trog.
 13457 | Orc:4    | Entered Level 4 of the Orcish Mines
 13488 | Orc:4    | Found a staircase to the Elven Halls.
 13739 | Orc:4    | Found a roughly hewn altar of Beogh.
 13797 | Orc:4    | Received a gift from Trog
 13893 | Orc:4    | Got a faintly glowing broad axe {god gift}
 14363 | Orc:4    | Found Jityowomm's Antique Armour Emporium.
 14366 | Orc:4    | Found Coumewae's Jewellery Shop.
 14370 | Orc:4    | Found Umoagim's Book Emporium.
 14370 | Orc:4    | Found Nosopt's Distillery.
 14391 | Orc:4    | Bought a potion of poison for 17 gold pieces
 14391 | Orc:4    | Bought a potion of degeneration for 34 gold pieces
 14391 | Orc:4    | Bought a potion of haste for 119 gold pieces
 14391 | Orc:4    | Bought 2 potions of might for 85 gold pieces
 14397 | Orc:4    | Bought a jewelled cloak for 266 gold pieces
 14403 | Orc:4    | Identified the +1 broad axe "Riopryug" {venom, rF++ rN+ MR+} (Trog gifted it to you on level 4 of the Orcish Mines)
 14420 | Orc:4    | Identified the +1 cloak of the Blessed Realm {Slay+3} (You bought it in a shop on level 4 of the Orcish Mines)
 14514 | Orc:3    | Found Isig's Antique Weapon Boutique.
 14565 | Orc:3    | Received a gift from Trog
 14694 | Orc:4    | Bought a runed cloak for 126 gold pieces
 14796 | Orc:2    | Bought a wand of digging (9) for 442 gold pieces
 14941 | Lair:1   | Entered Level 1 of the Lair of Beasts
 15367 | Lair:1   | Reached skill level 17 in Stealth
 15596 | Lair:1   | Reached XP level 14. HP: 74/74 MP: 31/31
 15598 | Lair:1   | Received a gift from Trog
 16645 | Lair:3   | Found a white marble altar of Elyvilon.
 16893 | Lair:3   | Received a gift from Trog
 16897 | Lair:3   | Got a transparent hand axe {god gift}
 16898 | Lair:3   | Identified the -1 hand axe "Jeur" {antimagic, rElec rC++ Int+4} (Trog gifted it to you on level 3 of the Lair of Beasts)
 17008 | Lair:3   | Reached skill level 10 in Throwing
 17694 | Lair:4   | Found a staircase to the Swamp.
 18094 | Lair:5   | Found a labyrinth entrance.
 18147 | Lab      | Entered a labyrinth
 19474 | Lair:5   | Received a gift from Trog
 19687 | Lair:5   | Reached skill level 18 in Stealth
 19807 | Lair:6   | Found a hole to the Spider Nest.
 20899 | Lair:7   | Received a gift from Trog
 21141 | Lair:7   | Found a viscous altar of Jiyva.
 21141 | Lair:7   | Found a staircase to the Slime Pits.
 21227 | Lair:8   | Entered Level 8 of the Lair of Beasts
 21230 | Lair:8   | Received a gift from Trog
 21399 | Lair:8   | Received a gift from Trog
 21501 | Lair:8   | Reached XP level 15. HP: 79/79 MP: 32/32
 21729 | Lair:8   | Received a gift from Trog
 22017 | Lair:8   | Killed from afar by a guardian serpent

Action                   |  1- 3 |  4- 6 |  7- 9 | 10-12 | 13-15 || total
-------------------------+-------+-------+-------+-------+-------++-------
Melee: Short sword       |   118 |   238 |     3 |   214 |    33 ||   606
       Dagger            |    11 |     5 |   466 |       |       ||   482
       Cutlass           |       |       |    55 |   454 |  1355 ||  1864
       Flail             |       |       |     8 |       |       ||     8
       Quick blade       |       |       |       |       |    26 ||    26
 Fire: Blowgun           |       |       |       |    94 |    31 ||   125
       Hand crossbow     |       |       |       |    20 |    35 ||    55
Throw: Stone             |    41 |    30 |       |       |       ||    71
       Tomahawk          |       |     6 |    29 |    41 |   182 ||   258
Invok: Berserk           |     2 |     2 |     1 |     3 |       ||     8
       Trog's Hand       |       |     4 |     5 |     8 |     7 ||    24
       Brothers in Arms  |       |       |     2 |     1 |       ||     3
       Burn Spellbooks   |       |       |       |     1 |     2 ||     3
 Abil: Evoke Invisibilit |       |       |       |     9 |    14 ||    23
Evoke: Wand              |       |       |     2 |     5 |    15 ||    22
  Use: Scroll            |     9 |     1 |     5 |     8 |    15 ||    38
       Potion            |       |       |       |     1 |     4 ||     5
 Stab: Sleeping          |     1 |     7 |    20 |    60 |   120 ||   208
       Distracted        |       |       |     2 |     6 |     6 ||    14
       Invisible         |       |       |       |    19 |    42 ||    61
       Confused          |       |       |       |     1 |       ||     1
  Eat: Bread ration      |       |     1 |       |       |     1 ||     2
       Pizza             |       |       |     2 |     6 |     2 ||    10
       Fruit             |       |       |     5 |     8 |     8 ||    21
       Royal jelly       |       |       |       |     1 |       ||     1
